ITL
RICHMOND FLAIRS @ TUSCALOOSA TROUT SLAYERS
05/25/2027
 
TOP OF THE 1ST
Richmond Flairs batting - Pitching for Tuscaloosa Trout Slayers : RHP Fernando Rodríguez
Pitching: RHP Fernando Rodríguez
Batting: LHB Luis Villa 0-0: Called Strike
0-1: Foul Ball, location: 2F
0-2: DOUBLE (Groundball, 3L)
Batting: RHB Freddy Padilla 0-0: Ball
1-0: Ball
2-0: Ball
3-0: Called Strike
3-1: Foul Ball, location: 2F
3-2: Strikes out looking
Batting: LHB Sean Nicks 0-0: Called Strike
0-1: Swinging Strike
0-2: Ball
Wild Pitch!
Luis Villa to third
1-2: Ball
2-2: Foul Ball, location: 2F
2-2: SINGLE (Groundball, 4MD)
Luis Villa scores
Batting: RHB Elliott Johnston 0-0: Swinging Strike
0-1: Called Strike
0-2: Strikes out swinging
Batting: RHB Alberto Hernández 0-0: Foul Ball, location: 2F
0-1: Foul Ball, location: 2F
0-2: Strikes out swinging
Top of the 1st over - 1 run(s), 2 hit(s), 0 error(s), 1 left on base; Richmond 1 - Tuscaloosa 0
BOTTOM OF THE 1ST
Tuscaloosa Trout Slayers batting - Pitching for Richmond Flairs : RHP John Smith
Pitching: RHP John Smith
Batting: LHB Wilford Lush 0-0: Called Strike
0-1: Swinging Strike
0-2: Ball
1-2: SINGLE (Groundball, 6MD)
Batting: LHB Marcos Villarreal 0-0: Ball
1-0: Called Strike
1-1: Ball
2-1: SINGLE (Line Drive, 56D)
Wilford Lush to second
Batting: LHB Albert Morgan 0-0: Ball
1-0: Called Strike
1-1: Swinging Strike
1-2: Foul Ball, location: 2F
1-2: Foul Ball, location: 2F
1-2: Strikes out looking
Batting: RHB Ben Morton 0-0: Ball
1-0: Called Strike
1-1: Foul Ball, location: 2F
1-2: Ball
2-2: Ball
3-2: Foul Ball, location: 2F
3-2: Strikes out swinging
Batting: LHB António Cedeño 0-0: Fly out, F7 (Flyball, 7LSF)
Bottom of the 1st over - 0 run(s), 2 hit(s), 0 error(s), 2 left on base; Richmond 1 - Tuscaloosa 0
TOP OF THE 2ND
Richmond Flairs batting - Pitching for Tuscaloosa Trout Slayers : RHP Fernando Rodríguez
Batting: SHB Carlos Reyes 0-0: Called Strike
0-1: Called Strike
0-2: Ball
1-2: Ball
2-2: Ball
3-2: Base on Balls
Batting: LHB Roland Jones 0-0: Ball
1-0: Ball
2-0: Foul Ball, location: 2F
2-1: SINGLE (Line Drive, 6MD)
Carlos Reyes to second
Batting: RHB Christian Hudson 0-0: Hit by Pitch
Carlos Reyes to third
Roland Jones to second
Batting: RHB Ray Yates 0-0: Called Strike
0-1: Swinging Strike
0-2: Strikes out looking
Batting: LHB Luis Villa 0-0: Ball
1-0: Fly out, F8 (Flyball, 78S)
Batting: RHB Freddy Padilla 0-0: Ball
1-0: SINGLE (Groundball, 13S) (infield hit)
Carlos Reyes scores
Roland Jones to third
Christian Hudson to second
Batting: LHB Sean Nicks 0-0: Ball
1-0: Foul Ball, location: 2F
1-1: GRAND SLAM HOME RUN (Flyball, 9D), Distance : 390 ft
Batting: RHB Elliott Johnston 0-0: Called Strike
0-1: Foul Ball, location: 2F
0-2: Hit by Pitch
Pitching: LHP Luis López
Batting: RHB Alberto Hernández 0-0: Called Strike
0-1: Ball
Elliott Johnston is caught stealing 2nd base
Top of the 2nd over - 5 run(s), 3 hit(s), 0 error(s), 0 left on base; Richmond 6 - Tuscaloosa 0
BOTTOM OF THE 2ND
Tuscaloosa Trout Slayers batting - Pitching for Richmond Flairs : RHP John Smith
Batting: RHB Lawrence Yates 0-0: Ball
1-0: Called Strike
1-1: SINGLE (Flyball, 7S)
Batting: LHB Mark Owens 0-0: Ball
1-0: Called Strike
1-1: Ball
2-1: Called Strike
2-2: Ground out 4-3 (Groundball, 34)
Lawrence Yates to second
Batting: LHB Ed Hart 0-0: SINGLE (Groundball, 4D)
Lawrence Yates to third
Runner from 3rd tries for Home, SAFE, throw made home
Batting: RHB José Ortega 0-0: Ball
1-0: Ball
2-0: Swinging Strike
2-1: Foul Ball, location: 2F
2-2: Strikes out looking
Batting: LHB Wilford Lush 0-0: Called Strike
0-1: SINGLE (Line Drive, 4D)
Ed Hart to second
Batting: LHB Marcos Villarreal 0-0: Ball
1-0: DOUBLE (Line Drive, 89D)
Ed Hart scores
Wilford Lush to third
Runner from 3rd tries for Home, SAFE, no throw
Batting: LHB Albert Morgan 0-0: Called Strike
0-1: Foul Ball, location: 2F
0-2: Ball
1-2: Ball
2-2: Strikes out swinging
Bottom of the 2nd over - 3 run(s), 4 hit(s), 0 error(s), 1 left on base; Richmond 6 - Tuscaloosa 3
TOP OF THE 3RD
Richmond Flairs batting - Pitching for Tuscaloosa Trout Slayers : LHP Luis López
Batting: RHB Alberto Hernández 0-0: Called Strike
0-1: Called Strike
0-2: Ball
1-2: Ball
2-2: Ground out 5-3 (Groundball, 5S)
Batting: SHB Carlos Reyes 0-0: Ball
1-0: Called Strike
1-1: Ball
2-1: Foul Ball, location: 2F
2-2: SINGLE (Line Drive, 8RS)
Batting: LHB Roland Jones 0-0: Ball
1-0: Swinging Strike
1-1: Grounds into double play, 4-6-3 (Groundball, 4)
Top of the 3rd over - 0 run(s), 1 hit(s), 0 error(s), 0 left on base; Richmond 6 - Tuscaloosa 3
BOTTOM OF THE 3RD
Tuscaloosa Trout Slayers batting - Pitching for Richmond Flairs : RHP John Smith
Batting: RHB Ben Morton 0-0: Ball
1-0: Called Strike
1-1: Ball
2-1: SINGLE (Groundball, 6MD)
Batting: LHB António Cedeño 0-0: Ball
1-0: Ball
2-0: Called Strike
2-1: Called Strike
2-2: Fly out, F8 (Flyball, 8LM)
Batting: RHB Lawrence Yates 0-0: Ball
1-0: Swinging Strike
1-1: Called Strike
1-2: Ball
2-2: Strikes out swinging
Batting: LHB Mark Owens 0-0: Ball
1-0: Ball
2-0: Called Strike
2-1: Called Strike
2-2: Strikes out swinging
Bottom of the 3rd over - 0 run(s), 1 hit(s), 0 error(s), 1 left on base; Richmond 6 - Tuscaloosa 3
TOP OF THE 4TH
Richmond Flairs batting - Pitching for Tuscaloosa Trout Slayers : LHP Luis López
Batting: RHB Christian Hudson 0-0: Called Strike
0-1: Ball
1-1: Foul Ball, location: 2F
1-2: Strikes out looking
Batting: RHB Ray Yates 0-0: Ball
1-0: Called Strike
1-1: Ground out 6-3 (Groundball, 6)
Batting: LHB Luis Villa 0-0: Called Strike
0-1: Foul Ball, location: 2F
0-2: Ball
1-2: Foul Ball, location: 2F
1-2: Foul Ball, location: 2F
1-2: Ball
2-2: Foul Ball, location: 2F
2-2: Strikes out swinging
Top of the 4th over - 0 run(s), 0 hit(s), 0 error(s), 0 left on base; Richmond 6 - Tuscaloosa 3
BOTTOM OF THE 4TH
Tuscaloosa Trout Slayers batting - Pitching for Richmond Flairs : RHP John Smith
Batting: LHB Ed Hart 0-0: Swinging Strike
0-1: DOUBLE (Line Drive, 89XD)
Batting: RHB José Ortega 0-0: Ground out 6-3 (Groundball, 56)
Batting: LHB Wilford Lush 0-0: Called Strike
0-1: Ball
1-1: Ball
2-1: Swinging Strike
2-2: Fly out, F8 (Flyball, 8LM)
Batting: LHB Marcos Villarreal 0-0: Called Strike
0-1: Swinging Strike
0-2: Ball
1-2: Ground out U3 (Groundball, 3)
Bottom of the 4th over - 0 run(s), 1 hit(s), 0 error(s), 1 left on base; Richmond 6 - Tuscaloosa 3
TOP OF THE 5TH
Richmond Flairs batting - Pitching for Tuscaloosa Trout Slayers : LHP Luis López
Batting: RHB Freddy Padilla 0-0: Called Strike
0-1: SOLO HOME RUN (Line Drive, 9D), Distance : 395 ft
Batting: LHB Sean Nicks 0-0: Ball
1-0: Ball
2-0: Ball
3-0: Base on Balls
Batting: RHB Elliott Johnston 0-0: Ball
1-0: Foul Ball, location: 2F
1-1: Called Strike
1-2: Fly out, F9 (Flyball, 9LSF)
Batting: RHB Alberto Hernández 0-0: Ball
Passed Ball!
Sean Nicks to second
1-0: Foul Ball, location: 2F
1-1: Ball
2-1: Foul Ball, location: 2F
2-2: Ball
3-2: Ground out 2-3 (Groundball, 2L)
Sean Nicks to third
Pitching: RHP Marlon Ryan
Batting: SHB Carlos Reyes 0-0: Ball
1-0: Foul Ball, location: 2F
1-1: Ball
2-1: Foul Ball, location: 2F
2-2: Foul Ball, location: 2F
2-2: Fly out, F8 (Flyball, 78XD)
Top of the 5th over - 1 run(s), 1 hit(s), 0 error(s), 1 left on base; Richmond 7 - Tuscaloosa 3
BOTTOM OF THE 5TH
Tuscaloosa Trout Slayers batting - Pitching for Richmond Flairs : RHP John Smith
Batting: LHB Albert Morgan 0-0: Ball
1-0: Ball
2-0: SINGLE (Line Drive, 34D)
Batting: RHB Ben Morton 0-0: Ball
1-0: Ball
2-0: Swinging Strike
2-1: Swinging Strike
2-2: Strikes out looking
Batting: LHB António Cedeño 0-0: Called Strike
0-1: Ball
1-1: Swinging Strike
1-2: Grounds into double play, 4-6-3 (Groundball, 4)
Bottom of the 5th over - 0 run(s), 1 hit(s), 0 error(s), 0 left on base; Richmond 7 - Tuscaloosa 3
TOP OF THE 6TH
Richmond Flairs batting - Pitching for Tuscaloosa Trout Slayers : RHP Marlon Ryan
Batting: LHB Roland Jones 0-0: Foul Ball, location: 2F
0-1: Ball
1-1: Called Strike
1-2: Strikes out swinging
Batting: RHB Christian Hudson 0-0: Ball
1-0: Ball
2-0: Called Strike
2-1: Foul Ball, location: 2F
2-2: Ball
3-2: Strikes out swinging
Batting: RHB Ray Yates 0-0: Ball
1-0: SINGLE (Flyball, 4MD)
Batting: LHB Luis Villa 0-0: Called Strike
0-1: Ball
1-1: Ball
2-1: 2-RUN HOME RUN (Line Drive, 89XD), Distance : 403 ft
Batting: RHB Freddy Padilla 0-0: Ball
1-0: Fly out, F3 (Line Drive, 3L)
Top of the 6th over - 2 run(s), 2 hit(s), 0 error(s), 0 left on base; Richmond 9 - Tuscaloosa 3
BOTTOM OF THE 6TH
Tuscaloosa Trout Slayers batting - Pitching for Richmond Flairs : RHP John Smith
Batting: RHB Lawrence Yates 0-0: Ball
1-0: Ball
2-0: Ball
3-0: Base on Balls
Batting: LHB Mark Owens 0-0: Called Strike
0-1: Ball
1-1: Foul Ball, location: 2F
1-2: Foul Ball, location: 2F
1-2: Strikes out swinging
Batting: LHB Ed Hart 0-0: Swinging Strike
0-1: Called Strike
0-2: SINGLE (Groundball, 3D)
Lawrence Yates to second
Runner from 2nd tries for 3rd, SAFE, no throw
Pitching: RHP Luis Bruno
Batting: RHB José Ortega 0-0: Called Strike
0-1: SINGLE (Line Drive, 56D)
Lawrence Yates scores
Ed Hart to second
Batting: LHB Wilford Lush 0-0: Swinging Strike
0-1: Called Strike
0-2: Ball
1-2: Ball
2-2: Foul Ball, location: 2F
2-2: Fly out, F8 (Flyball, 8RD)
Runner from 2nd tags up, SAFE at 3rd, no throw
Batting: LHB Marcos Villarreal 0-0: Ball
1-0: Foul Ball, location: 2F
1-1: Swinging Strike
1-2: Fly out, F7 (Flyball, 78D)
Bottom of the 6th over - 1 run(s), 2 hit(s), 0 error(s), 2 left on base; Richmond 9 - Tuscaloosa 4
TOP OF THE 7TH
Richmond Flairs batting - Pitching for Tuscaloosa Trout Slayers : RHP Marlon Ryan
Pitching: LHP Mike Scott
Batting: LHB Sean Nicks 0-0: Called Strike
0-1: Called Strike
0-2: Ball
1-2: Ball
2-2: Strikes out swinging
Batting: RHB Elliott Johnston 0-0: Called Strike
0-1: Ball
1-1: Fly out, F6 (Popup, 6D)
Batting: RHB Alberto Hernández 0-0: Called Strike
0-1: SINGLE (Line Drive, 89S)
Batting: SHB Carlos Reyes 0-0: Ball
1-0: Called Strike
1-1: Ball
2-1: Ball
3-1: Foul Ball, location: 2F
3-2: Strikes out swinging
Top of the 7th over - 0 run(s), 1 hit(s), 0 error(s), 1 left on base; Richmond 9 - Tuscaloosa 4
BOTTOM OF THE 7TH
Tuscaloosa Trout Slayers batting - Pitching for Richmond Flairs : RHP Luis Bruno
Batting: LHB Albert Morgan 0-0: Ball
1-0: DOUBLE (Line Drive, 9LM)
Batting: RHB Ben Morton 0-0: SINGLE (Line Drive, 5)
Albert Morgan to third
Batting: LHB António Cedeño 0-0: Fly out, F2 (Popup, 15S)
Batting: RHB Lawrence Yates 0-0: Called Strike
0-1: Foul Ball, location: 2F
0-2: Ball
1-2: Strikes out looking
Batting: LHB Mark Owens 0-0: Called Strike
0-1: Called Strike
0-2: Ball
1-2: Ball
2-2: Ball
3-2: Strikes out looking
Bottom of the 7th over - 0 run(s), 2 hit(s), 0 error(s), 2 left on base; Richmond 9 - Tuscaloosa 4
TOP OF THE 8TH
Richmond Flairs batting - Pitching for Tuscaloosa Trout Slayers : LHP Mike Scott
Batting: LHB Roland Jones 0-0: Called Strike
0-1: Ball
1-1: Ball
2-1: SINGLE (Groundball, 4D)
Batting: RHB Christian Hudson 0-0: Called Strike
0-1: Foul Ball, location: 2F
0-2: DOUBLE (Flyball, 89D)
Roland Jones to third
Runner from 3rd tries for Home, throw and OUT!
Batting: RHB Ray Yates 0-0: Ball
1-0: Swinging Strike
1-1: Ball
2-1: Fly out, F6 (Popup, 6D)
Batting: LHB Luis Villa 0-0: 2-RUN HOME RUN (Flyball, 9D), Distance : 389 ft
Batting: RHB Freddy Padilla 0-0: Ball
1-0: SINGLE (Groundball, 56D)
Batting: LHB Sean Nicks 0-0: DOUBLE (Flyball, 89XD)
Freddy Padilla to third
Runner from 3rd tries for Home, throw and OUT!
Top of the 8th over - 2 run(s), 5 hit(s), 0 error(s), 1 left on base; Richmond 11 - Tuscaloosa 4
BOTTOM OF THE 8TH
Tuscaloosa Trout Slayers batting - Pitching for Richmond Flairs : RHP Luis Bruno
Now at 2B: Maresuke Yoshida
Now at 3B: Guo-xiu Hsueh
Now in LF: R.J. Crosby
Batting: LHB Ed Hart 0-0: Ball
1-0: Ball
2-0: Foul Ball, location: 2F
2-1: Foul Ball, location: 2F
2-2: Ball
3-2: Ground out 5-3 (Groundball, 56)
Batting: RHB José Ortega 0-0: Fly out, F3 (Flyball, 34D)
Batting: LHB Wilford Lush 0-0: Foul Ball, location: 2F
0-1: Ball
1-1: Ball
2-1: Fly out, F7 (Flyball, 7S)
Bottom of the 8th over - 0 run(s), 0 hit(s), 0 error(s), 0 left on base; Richmond 11 - Tuscaloosa 4
TOP OF THE 9TH
Richmond Flairs batting - Pitching for Tuscaloosa Trout Slayers : LHP Mike Scott
Batting: RHB Elliott Johnston 0-0: Called Strike
0-1: SOLO HOME RUN (Flyball, 89XD), Distance : 392 ft
Pitching: RHP Juan Patino
Batting: RHB Alberto Hernández 0-0: Called Strike
0-1: Ground out 6-3 (Groundball, 6)
Batting: SHB Carlos Reyes 0-0: Called Strike
0-1: Ball
1-1: Ground out 4-3 (Groundball, 34)
Batting: RHB R.J. Crosby 0-0: Foul Ball, location: 2F
0-1: Foul Ball, location: 2F
0-2: Foul Ball, location: 2F
0-2: Ball
1-2: Foul Ball, location: 2F
1-2: Ball
2-2: SINGLE (Groundball, 4MD)
Batting: RHB Christian Hudson 0-0: Ball
1-0: Called Strike
1-1: Ball
2-1: Called Strike
2-2: Strikes out swinging
Top of the 9th over - 1 run(s), 2 hit(s), 0 error(s), 1 left on base; Richmond 12 - Tuscaloosa 4
BOTTOM OF THE 9TH
Tuscaloosa Trout Slayers batting - Pitching for Richmond Flairs : RHP Luis Bruno
Now at C: Tadakuni Sugiyama
Now at 1B: Adrián Miranda
Batting: LHB Marcos Villarreal 0-0: Ball
1-0: Ground out 6-3 (Groundball, 56)
Batting: LHB Albert Morgan 0-0: Ball
1-0: SINGLE (Groundball, 4MD)
Batting: RHB Ben Morton 0-0: Ball
1-0: Called Strike
1-1: Foul Ball, location: 2F
1-2: Ball
2-2: DOUBLE (Line Drive, 5D)
Albert Morgan to third
Pitching: RHP Lorenzo Ramos
Batting: LHB António Cedeño 0-0: Foul Ball, location: 2F
0-1: Called Strike
0-2: Ball
1-2: Hit by Pitch
Batting: RHB Lawrence Yates 0-0: Grounds into double play, 6-4-3 (Groundball, 6)
Bottom of the 9th over - 0 run(s), 2 hit(s), 0 error(s), 2 left on base; Richmond 12 - Tuscaloosa 4
Thursday, March 30th, 2017 - OOTP Baseball 17.12 Build 75